 Dungeon Crawl Stone Soup version 0.28.0 (webtiles) character file.

Game seed: 5982567267169061429

79 RighteousDevil the Digger (level 4, -4/26 HPs)
             Began as a Gargoyle Earth Elementalist on Feb 5, 2022.
             Killed by divine providence
             ... invoked by an orc priest
              (13 damage)
             ... on level 3 of the Dungeon.
             The game lasted 00:04:19 (2821 turns).

RighteousDevil the Digger (GrEE)                    Turns: 2821, Time: 00:04:22

Health: -4/26      AC: 13    Str: 17 (20) XL:     4   Next: 37%
Magic:  1/7        EV:  7    Int: 12 (15) God:
Gold:   95         SH:  0    Dex:  8 (10) Spells: 6/7 levels left

rFire   . . .      SeeInvis .   e - +0 whip
rCold   . . .      Faith    .   (no shield)
rNeg    + . .      Spirit   .   m - +0 chain mail
rPois   ∞          Reflect  .   i - +0 helmet
rElec   +          Harm     .   (no cloak)
rCorr   .          Rampage  .   p - +0 pair of gloves
Will    .....                   (no boots)
Stlth   ..........              (no amulet)
HPRegen 0.08/turn               a - +6 ring of strength
MPRegen 0.10/turn               (no ring)

@: attractive, very slightly contaminated
A: sickness immunity, AC +3, negative energy resistance 1, electricity
resistance, torment resistance 1, petrification resistance
a: no special abilities


You were on level 3 of the Dungeon.
You visited 1 branch of the dungeon, and saw 3 of its levels.

You collected 95 gold pieces.

Inventory:

Hand Weapons
 e - a +0 whip (weapon)
Missiles
 c - 89 stones
Armour
 b - a +0 robe
 i - a +0 helmet (worn)
 m - a +0 chain mail (worn)
 n - an orb of guile
 p - a +0 pair of gloves (worn)
Jewellery
 a - a +6 ring of strength (left hand)
Scrolls
 f - a scroll of identify
 g - 2 scrolls of enchant weapon
 j - a scroll of brand weapon {unknown}
 k - a scroll of magic mapping {unknown}
 l - a scroll of blinking {unknown}
Potions
 h - a potion of attraction
 o - a potion of heal wounds {unknown}


   Skills:
 - Level 2.0 Fighting
 * Level 3.1 Maces & Flails
 + Level 0.5 Armour
 - Level 1.5 Dodging
 - Level 2.1 Stealth
 - Level 2.0 Spellcasting
 - Level 0.7 Transmutations
 - Level 3.6 Earth Magic


You had 6 spell levels left.
You knew the following spells:

 Your Spells              Type           Power      Damage    Failure   Level
a - Sandblast             Erth           18%        2d7       73%         1

Your spell library contained the following spells:

 Spells                   Type           Power      Damage    Failure   Level
 Passwall                 Tmut/Erth      5%         N/A       96%         2
 Magic Dart               Conj           4%         1d3       99%         1
 Call Imp                 Summ           1%         N/A       100%        2
 Mephitic Cloud           Conj/Pois/Air  1%         N/A       100%        3
 Stone Arrow              Conj/Erth      10%        3d7       100%        3
 Petrify                  Tmut/Erth      6%         N/A       100%        4


Dungeon Overview and Level Annotations

Branches:
Dungeon (3/15)

Altars:


Innate Abilities, Weirdness & Mutations

You are immune to sickness and miasma.
Your stone body is resilient. (AC +3)
You are immune to poison.
You resist negative energy. (rN+)
You are resistant to electric shocks. (rElec)
You are resistant to unholy torment.
You are immune to petrification.


Message History

Press: ? - help, Q - select action, (/) - cycle Shift-Dir - straight line, f/p - orc
Aim: an orc, wielding a +0 whip and wearing a +0 leather armour (heavily wounded, 79% to hit)
You miscast Sandblast.
Nothing appears to happen.
The orc barely misses you.
Aiming: Sandblast (safe; 52% risk of failure)
Press: ? - help, Q - select action, (/) - cycle Shift-Dir - straight line, f - orc priest, p - orc
Aim: an orc priest, wielding a +0 whip (79% to hit)
You miscast Sandblast.
Nothing appears to happen.
The orc hits you with a +0 whip.
The orc priest calls upon Beogh to heal the orc.
The orc's wounds heal themselves!
Aiming: Sandblast (safe; 52% risk of failure)
Press: ? - help, Q - select action, (/) - cycle Shift-Dir - straight line, f/p - orc priest
Aim: an orc priest, wielding a +0 whip (79% to hit)
The blast of sand hits the orc priest!
The orc priest is almost dead.
The orc hits you with a +0 whip.
You don't have enough magic to cast this spell.
Unknown command.
The orc priest hits you with a +0 whip.
The orc priest mumbles some strange prayers to Beogh against you.
Beogh smites you!
You don't have any such object.
Fire/throw which item? (* to show all) (? for menu, Esc to quit)
Huh?
Fire/throw which item? (* to show all) (? for menu, Esc to quit)
Okay, then.
You aren't carrying any items that you can evoke.
Unknown command.
It was a potion of degeneration.
There was something very wrong with that liquid.
You feel weakened.
You feel dopey.
You feel clumsy. The orc hits you but does no damage.
It was a potion of attraction.
You feel attractive to monsters. The orc hits you but does no damage.
The orc priest invokes the aid of Beogh against you.
Beogh smites you!
Ouch! That really hurt!
You die...

##.##.# ##..##.#####
.......##..
#######.##..##.#
###...........##.#
#...........#.##.#
#.###.###.........
#.# #.# ###...>..#
#@# #.# ###.#### #o#
#.#######.# # #.#
#.........#
####.##o###.#########
#........##.#
...####...#.#
#..###...# .....##..#
#......#


You could see an orc priest and an orc.

Vanquished Creatures
  An adder (D:2)
  A gnoll (D:1)
  2 worms (D:2)
  A dart slug (D:1)
  An orc (D:3)
  2 ball pythons
  4 bats (D:1)
  3 endoplasms
  3 giant cockroaches (D:3)
  4 goblins
  A hobgoblin (D:3)
  9 jackals
  8 kobolds
  2 quokkas
  A frilled lizard (D:2)
  3 rats
46 creatures vanquished.

Notes
Turn   | Place    | Note
-------+----------+-------------------------------------------
     0 | D:1      | RighteousDevil the Gargoyle Earth Elementalist began the
                  | quest for the Orb.
     0 | D:1      | Reached XP level 1. HP: 10/10 MP: 3/3
   291 | D:1      | Reached skill level 1 in Maces & Flails
   417 | D:1      | Reached XP level 2. HP: 16/16 MP: 1/5
   487 | D:1      | Reached skill level 1 in Fighting
   892 | D:1      | Reached XP level 3. HP: 20/20 MP: 1/6
  1909 | D:2      | Reached XP level 4. HP: 26/26 MP: 7/7
  2821 | D:3      | Killed from afar by an orc priest

Illustrated notes

Levels and vault maps discovered:
D:1:      evilmike_arrival_rings, layout_loops_ring, minmay_vboxes
D:2:      layout_basic
D:3:      layout_loops_ring, mainiacjoe_overflow_alcove_4,
          kennysheep_cluttered_room, minmay_misc_feat_iff, uniq_natasha

Skill      XL: |  1  2  3  4 |
---------------+-------------+-----
Maces & Flails | 1 2 3 |  3.1
Fighting       | 1 2 |  2.0
Armour         | |  0.5
Dodging        | |  1.5
Stealth        | |  2.1
Spellcasting   | |  2.0
Transmutations | |  0.7
Earth Magic    | |  3.6

Action                   |  1- 3 |  4- 6 || total
-------------------------+-------+-------++-------
Melee: Unarmed           |     9 |       ||     9
       Whip              |    30 |    55 ||    85
       Punch             |     2 |     1 ||     3
 Cast: Sandblast         |    33 |     5 ||    38
  Use: Scroll            |     1 |       ||     1
       Potion            |       |     2 ||     2
Armor: Robe              |    17 |       ||    17
       Chain mail        |     1 |    53 ||    54
Dodge: Dodged            |    37 |    33 ||    70
